 Dungeon Crawl Stone Soup version 0.30.0-29-ga12c61a403 (webtiles) character file.

Game seed: 15921617045978830287

13988 monsoonserge the Brawler (level 11, 0/101 HPs)
             Began as a Troll Fighter on June 23, 2023.
             Was a Follower of Wu Jian.
             Slain by a vampire mosquito (3 damage)
             ... on level 11 of the Dungeon.
             The game lasted 00:33:58 (9286 turns).

monsoonserge the Brawler (Troll Fighter)            Turns: 9286, Time: 00:33:59

Health: 0/101      AC:  6    Str: 36    XL:     11   Next: 82%
Magic:  10/10      EV: 10    Int:  4    God:    Wu Jian [*.....]
Gold:   673        SH: 10    Dex: 15    Spells: 10/10 levels left

rFire   . .          .
                       - Unarmed
rCold   . . .        b - +0 kite shield
rNeg    . . .        O - +0 swamp dragon scales
rPois   +            (helmet restricted)
rElec   .            (no cloak)
rCorr   .            (gloves unavailable)
SInv    .            (boots unavailable)
Will    .....        J - amulet of the acrobat
Stlth   +            e - +6 ring of strength
HPRegen 1.16/turn    I - +6 ring of dexterity
MPRegen 0.12/turn

%: acrobat
@: mighty, corroded, studying 2 skills
A: large, unfitting armour, claws 3, regeneration 1, shaggy fur 1, tough skin 1
a: Renounce Religion


You were on level 11 of the Dungeon.
You worshipped Wu Jian.
Wu Jian was aware of your devotion.
You visited 3 branches of the dungeon, and saw 14 of its levels.
You also visited: Sewer.

You collected 777 gold pieces.
You spent 104 gold pieces at shops.

Inventory:

Hand Weapons
 A - the +10 mace of the Silent Majority {flame, Str+4}
   (You found it on level 5 of the Dungeon)

   Str:       It affects your strength (+4).
Missiles
 j - 3 boomerangs
 u - 25 poisoned darts (quivered)
 x - a curare-tipped dart
 B - 3 boomerangs of dispersal
 K - 6 atropa-tipped darts
Armour
 b - a +0 kite shield (worn)
 c - a +2 robe of positive energy
 O - +0 swamp dragon scales (worn)
Jewellery
 e - a +6 ring of strength (left claw)
 D - a ring of resist corrosion
 I - a +6 ring of dexterity (right claw)
 J - an amulet of the acrobat (around neck)
 P - a ring of positive energy
 V - a ring of ice
Wands
 a - a wand of charming (17)
 z - a wand of flame (24)
 E - a wand of light (8)
 F - a wand of mindburst (14)
 L - a wand of polymorph (2)
 N - a wand of roots (6)
Scrolls
 d - 12 scrolls of identify {unknown}
 i - 2 scrolls of vulnerability {unknown}
 k - 4 scrolls of fog {unknown}
 p - 8 scrolls of teleportation {unknown}
 q - a scroll of acquirement {unknown}
 r - 7 scrolls of enchant weapon {unknown}
 s - 2 scrolls of poison {unknown}
 v - 5 scrolls of magic mapping {unknown}
 y - 5 scrolls of noise {unknown}
 G - a scroll of torment {unknown}
 Q - a scroll of enchant armour {unknown}
 R - 2 scrolls of brand weapon {unknown}
 S - a scroll of amnesia {unknown}
Potions
 f - 2 potions of degeneration {unknown}
 g - 2 potions of flight {unknown}
 h - 7 potions of curing
 l - 6 potions of brilliance {unknown}
 m - 6 potions of attraction {unknown}
 n - 4 potions of heal wounds
 o - 3 potions of berserk rage {unknown}
 t - 5 potions of mutation {unknown}
 w - a potion of haste {unknown}
 C - 2 potions of magic {unknown}
 H - 3 potions of resistance
 T - a potion of invisibility {unknown}
 U - a potion of lignification {unknown}


   Skills:
 * Level 4.3 Fighting
 + Level 2.1 Throwing
 + Level 4.8 Armour
 + Level 5.5 Dodging
 + Level 6.4 Shields
 * Level 15.2 Unarmed Combat


You had 10 spell levels left.
You didn't know any spells.
Your spell library contained the following spells:

 Spells                   Type           Power      Damage    Failure   Level
 Foxfire                  Conj/Fire      0%         2x1d4     77%         1
 Necrotise                Necr           0%         1d4       77%         1
 Sandblast                Erth           0%         2d4       77%         1
 Cigotuvi's Dreadful Rot  Necr/Pois/Air  0%         N/A       88%         2
 Passwall                 Tmut/Erth      0%         N/A       88%         2
 Frozen Ramparts          Ice            0%         1d1       98%         3
 Hailstorm                Conj/Ice       0%         3d3       98%         3
 Ignite Poison            Fire/Tmut/Pois 0%         N/A       98%         3
 Stone Arrow              Conj/Erth      0%         3d7       98%         3
 Vampiric Draining        Necr           0%         2d6       98%         3
 Ice Form                 Ice/Tmut       0%         N/A       100%        4
 Summon Ice Beast         Ice/Summ       0%         N/A       100%        4
 Agony                    Necr           0%         N/A       100%        5
 Fireball                 Conj/Fire      0%         3d3       100%        5
 Freezing Cloud           Conj/Ice/Air   0%         6-21      100%        5
 Plasma Beam              Fire/Air       0%         2x1d11    100%        6
 Simulacrum               Ice/Necr       0%         N/A       100%        6
 Starburst                Conj/Fire      0%         6d3       100%        6


Dungeon Overview and Level Annotations

Branches:
Dungeon (12/15)            Temple (1/1) D:5            Lair (1/5) D:8
  Sewer (visited)
    Orc: D:9-12

Altars:
Ashenzari
Cheibriados
Dithmenos
Elyvilon
Fedhas
Gozag
Hepliaklqana
Kikubaaqudgha
Makhleb
Nemelex Xobeh
Okawaru
Qazlal
Ru
Sif Muna
Trog
Uskayaw
Vehumet
Wu Jian
Xom
Yredelemnul
Zin
The Shining One

Shops:
D:3 **   D:8 (


Innate Abilities, Weirdness & Mutations

You are too large for most types of armour.
You have claws for hands.
Your natural rate of healing is unusually fast.
You are covered in fur. (AC +1)
You have tough skin. (AC +1)


Message History

The white ugly thing closely misses you.
You block the vampire mosquito's attack.
You spin and attack the white ugly thing.
You scratch the white ugly thing.
The white ugly thing is lightly wounded.
You spin and attack the vampire mosquito.
You claw the vampire mosquito!
The vampire mosquito is heavily damaged.
The vampire mosquito bites you but does no damage.
The white ugly thing barely misses you.
The vampire mosquito bites you but does no damage.
You spin and attack the brown ugly thing.
You closely miss the brown ugly thing.
You block the brown ugly thing's attack.
The vampire mosquito closely misses you.
Unknown command.
Okay, then.
You spin and attack the brown ugly thing.
You mangle the brown ugly thing!!
The brown ugly thing is moderately wounded.
You spin and attack the white ugly thing.
You mangle the white ugly thing!!
The white ugly thing is heavily wounded.
You block the brown ugly thing's attack.
The white ugly thing bites you!
* * * LOW HITPOINT WARNING * * *
The white ugly thing freezes you!
* * * LOW HITPOINT WARNING * * *
You block the vampire mosquito's attack.
You spin and attack the vampire mosquito.
You barely miss the vampire mosquito.
The vampire mosquito is heavily damaged.
You spin and attack the brown ugly thing.
You claw the brown ugly thing!
The brown ugly thing is heavily wounded.
The vampire mosquito bites you.
* * * LOW HITPOINT WARNING * * *
The vampire mosquito draws strength from your injuries!
The vampire mosquito bites you.
You die...

#.########..#######.# #...# #.#
#..#######.########...#
#.########.....................##
...............>.[............<..
...#######...........#######...##
#..#######...#######.#######...#
#.............>.u.........)....##
...............yu.....[..........
####............@................
####..############...#########...
......############.............^.
................................รท
#####............########.######.
#..#######...# #.# #. #..# #...#
#.# #. #..# #...# #.# #.
#####..#######...########.######.


You could see 2 ugly things and a vampire mosquito.

Vanquished Creatures
  6 two-headed ogres
  An ugly thing (D:12)
  A cyclops (D:11)
  Maggie (D:7)
  A komodo dragon (D:11)
  An unseen horror (D:10)
  2 trolls
  A hornet (D:7)
  3 blink frogs (Lair:1)
  A wyvern (D:7)
  A shadow (D:9)
  18 yaks
  A vampire (D:11)
  A wraith (D:11)
  5 vampire mosquitoes
  2 steam dragons
  2 acid dragons
  A water moccasin (D:7)
  Duvessa (D:7)
  A black bear (D:6)
  An orc warrior (D:8)
  An ice beast (D:6)
  An ogre (D:6)
  6 centaurs
  A phantom (D:5)
  3 bullfrogs
  2 gnoll sergeants
  2 kobold brigands
  A scorpion (D:4)
  6 wights
  Dowan (D:7)
  12 killer bees
  2 howler monkeys
  3 hounds
  2 gnoll boudas
  2 orc priests
  2 jellies
  An iguana (D:4)
  10 orc wizards
  17 gnolls
  11 adders
  6 river rats
  A shadow imp (D:6)
  4 white imps
  8 worms
  3 dart slugs
  27 orcs
  12 ball pythons
  6 bats
  16 endoplasms
  5 giant cockroaches
  5 hobgoblins
  6 jackals
  6 frilled lizards
  8 goblins
  18 kobolds
  10 rats
279 creatures vanquished.

Notes
Turn   | Place    | Note
-------+----------+-------------------------------------------
     0 | D:1      | monsoonserge the Troll Fighter began the quest for the Orb.
     0 | D:1      | Reached XP level 1. HP: 22/22 MP: 0/0
   204 | D:1      | Reached XP level 2. HP: 29/29 MP: 1/1
   634 | D:2      | Reached XP level 3. HP: 36/36 MP: 2/2
   844 | D:2      | Found a faded altar of an unknown god.
   862 | D:2      | Reached skill level 3 in Unarmed Combat
  1183 | D:2      | Reached XP level 4. HP: 44/44 MP: 3/3
  1637 | D:3      | Found Zin's Purification Station.
  1641 | D:3      | Found a glowing silver altar of Zin.
  1835 | D:3      | Found Ziuwkywn's General Store.
  1844 | D:3      | Bought a potion of curing for 39 gold pieces
  1844 | D:3      | Bought a potion of heal wounds for 65 gold pieces
  2630 | D:4      | Noticed a scorpion
  2706 | D:5      | Entered Level 5 of the Dungeon
  2728 | D:5      | Reached skill level 4 in Unarmed Combat
  2728 | D:5      | Reached XP level 5. HP: 43/50 MP: 4/4
  2740 | D:5      | Noticed a phantom
  2782 | D:5      | Killed a phantom
  2806 | D:5      | Reached skill level 5 in Unarmed Combat
  2824 | D:5      | Reached XP level 6. HP: 50/59 MP: 5/5
  2906 | D:5      | Found a glowing drain.
  2939 | Sewer    | Entered a sewer
  3166 | Sewer    | Reached skill level 6 in Unarmed Combat
  3422 | D:4      | Reached XP level 7. HP: 60/66 MP: 6/6
  3937 | D:5      | Identified the +10 mace of the Silent Majority {flame,
                  | Str+4}
  4042 | D:5      | Found a white marble altar of Elyvilon.
  4179 | D:5      | Found a staircase to the Ecumenical Temple.
  4211 | Temple   | Entered the Ecumenical Temple
  4437 | D:5      | Reached skill level 7 in Unarmed Combat
  4458 | D:5      | Found a radiant altar of Vehumet.
  4717 | D:6      | Noticed Duvessa
  4717 | D:6      | Noticed Dowan
  4735 | D:7      | Killed Duvessa
  4736 | D:7      | Killed Dowan
  4815 | D:7      | Reached XP level 8. HP: 69/75 MP: 7/7
  4836 | D:7      | Reached skill level 8 in Unarmed Combat
  5248 | D:6      | Reached skill level 9 in Unarmed Combat
  5668 | D:7      | Noticed Maggie
  5694 | D:7      | Killed Maggie
  5695 | D:7      | Reached XP level 9. HP: 31/83 MP: 8/8
  5744 | D:7      | Reached skill level 10 in Unarmed Combat
  5971 | D:7      | Reached skill level 5 in Shields
  5987 | D:8      | Noticed a two-headed ogre
  5987 | D:8      | Found Zeukk's Antique Weapon Shoppe.
  6054 | D:8      | Found a staircase to the Lair.
  6058 | Lair:1   | Entered Level 1 of the Lair of Beasts
  6063 | Lair:1   | Reached skill level 11 in Unarmed Combat
  6149 | Lair:1   | Noticed a death yak
  6253 | D:8      | Reached skill level 1 in Armour
  6342 | D:8      | Noticed a two-headed ogre
  6346 | D:8      | Killed a two-headed ogre
  6347 | D:8      | Reached XP level 10. HP: 58/91 MP: 9/9
  6414 | D:8      | Killed a two-headed ogre
  6415 | D:8      | Reached skill level 1 in Throwing
  6415 | D:8      | Reached skill level 12 in Unarmed Combat
  6666 | D:8      | Found a broken altar of Ashenzari.
  6666 | D:8      | Found a shadowy altar of Dithmenos.
  7062 | D:8      | Reached skill level 5 in Dodging
  7102 | D:9      | Noticed a two-headed ogre
  7109 | D:9      | Killed a two-headed ogre
  7204 | D:9      | Reached skill level 13 in Unarmed Combat
  7338 | D:9      | Noticed a two-headed ogre
  7345 | D:9      | Killed a two-headed ogre
  7372 | D:9      | Found a burning altar of Makhleb.
  7390 | D:10     | Entered Level 10 of the Dungeon
  7469 | D:10     | Reached XP level 11. HP: 61/98 MP: 10/10
  7840 | D:10     | Noticed a two-headed ogre
  7850 | D:10     | Killed a two-headed ogre
  7878 | D:10     | Reached skill level 14 in Unarmed Combat
  8250 | D:10     | Noticed a two-headed ogre
  8262 | D:10     | Killed a two-headed ogre
  8324 | D:10     | Found a stormy altar of Qazlal.
  8330 | D:10     | Found an opulent altar of Gozag.
  8333 | D:10     | Found a blossoming altar of Fedhas.
  8333 | D:10     | Found an ornate altar of the Wu Jian Council.
  8339 | D:10     | Found a glowing golden altar of the Shining One.
  8341 | D:10     | Became a worshipper of the Wu Jian Council
  8923 | D:11     | Reached * piety under Wu Jian
  8941 | D:11     | Reached skill level 15 in Unarmed Combat
  9265 | D:12     | Noticed a brown ugly thing
  9266 | D:12     | Noticed a brown ugly thing
  9269 | D:12     | Noticed a white ugly thing
  9275 | D:12     | Killed a brown ugly thing
  9286 | D:11     | HP: 3/101 [vampire mosquito (6)]
  9286 | D:11     | Slain by a vampire mosquito

Illustrated notes

Levels and vault maps discovered:
D:1:      beargit_arrival_greenhouse, layout_basic, serial_aquarium,
          aquarium_bridge_long_joined [aquarium_subvault_bridge,
          aquarium_subvault_bridge, aquarium_subvault_window,
          aquarium_subvault_bridge, aquarium_subvault_balcony,
          aquarium_subvault_wall], aquarium_window_3, aquarium_window_fake,
          aquarium_window_1, aquarium_view_2c, aquarium_view_4,
          aquarium_balcony_5b, minmay_indecisive_spiral
D:2:      minmay_general_purpose_star, layout_loops_ring,
          shapermc_ecumenical_altar_gd, minmay_domino_4
D:3:      minmay_door_path, layout_loops_cross, zin_purify, serial_shops,
          nicolae_shop_tiny_statue_garden
D:4:      layout_loops_corners, minmay_manual_moon
D:5:      layout_loops_ring, old_standard_altar, amcnicky_altar_gilded,
          temple_pool_b, lightli_sewer_entry_pipes
D:6:      layout_basic, uniq_duvessa
D:7:      layout_rooms, reono_crystal_passage, uniq_maggie
D:8:      layout_basic, gammafunk_temple_overflow_wave, lair_entry_dummy,
          serial_shops, shop
D:9:      layout_rooms, mainiacjoe_overflow_tiny_flanked
D:10:     wander_river, layout_stronghold, nicolae_overflow_hallway_of_the_gods
D:11:     layout_long_grid
D:12:     layout_cave_pools, orc_0_dummy, nicolae_elyvilon_peaceful_grove,
          uniq_sonja
Temple:   bh_familiar_temple
Lair:1:   gammafunk_boulding_lane, layout_cave_pods, serial_bayou_shore_a

Skill      XL: |  1  2  3  4  5  6  7  8  9 10 11 |
---------------+----------------------------------+-----
Shields        | 3 4 5 6 |  6.4
Unarmed Combat | 3 4 5 6 7 9 11 13 15 | 15.2
Dodging        | 3 4 5 |  5.5
Fighting       | 3 4 |  4.3
Armour         | 1 3 4 |  4.8
Throwing       | 1 2 |  2.1

Action                     |  1- 3 |  4- 6 |  7- 9 | 10-12 || total
---------------------------+-------+-------+-------+-------++-------
  Melee: Unarmed           |   126 |   209 |   194 |   257 ||   786
         Mace              |       |       |     2 |       ||     2
  Throw: Dart              |       |       |     5 |    19 ||    24
Ability: Whirlwind         |       |       |       |    29 ||    29
         Lunge             |       |       |       |    12 ||    12
    Use: Potion            |       |       |     2 |     2 ||     4
   Stab: Sleeping          |       |     1 |       |       ||     1
 Armour: Robe              |    44 |    48 |    39 |       ||   131
         Swamp dragon scal |       |       |    18 |    69 ||    87
  Dodge: Dodged            |    44 |    48 |    67 |   109 ||   268
  Block: Kite shield       |    35 |    51 |    92 |   116 ||   294
